 Dungeon Crawl Stone Soup version 0.31-a0-700-gf13585253f (webtiles) character file.

Game seed: 15248937791445166536

61 qw the Shooter (level 4, 0/28 HPs)
             Began as a Gargoyle Hunter on Sept 7, 2023.
             Slain by Sigmund
             ... wielding a +0 scythe
              (5 damage)
             ... on level 2 of the Dungeon.
             The game lasted 00:00:27 (979 turns).

qw the Shooter (Gargoyle Hunter)                     Turns: 979, Time: 00:00:28

Health: 0/28       AC:  6    Str: 14    XL:     4   Next: 7%
Magic:  4/4        EV: 11    Int: 10    God:
Gold:   47         SH:  0    Dex: 15    Spells: 3/3 levels left

rFire   . . .        Y - +0 shortbow
rCold   . . .        (shield currently unavailable)
rNeg    + . .        c - +0 leather armour
rPois   inf          (no helmet)
rElec   +            (no cloak)
rCorr   .            (no gloves)
SInv    .            (no boots)
Will    .....        (no amulet)
Stlth   ++           (no ring)
HPRegen 0.24/turn    (no ring)
MPRegen 0.09/turn

%: no passive effects
@: no status effects
A: sickness immunity, AC +3, negative energy resistance 1, electricity
resistance, torment resistance 1, petrification resistance
a: no special abilities


You were on level 2 of the Dungeon.
You visited 1 branch of the dungeon, and saw 2 of its levels.

You collected 47 gold pieces.


Innate Abilities, Weirdness & Mutations

You are immune to sickness and miasma.
Your stone body is resilient. (AC +3)
You are immune to poison.
You resist negative energy. (rN+)
You are resistant to electric shocks. (rElec)
You are resistant to unholy torment.
You are immune to petrification.


   Skills:
 - Level 3.1 Fighting
 + Level 5.1 Ranged Weapons
 - Level 1.5 Dodging
 - Level 1.1 Stealth


You had 3 spell levels left.
You didn't know any spells.
Your spell library was empty.

Inventory:

Hand Weapons
 Y - a +0 shortbow (weapon)
Armour
 c - a +0 leather armour (worn)
Scrolls
 b - 2 scrolls of enchant armour
 d - 2 scrolls of identify {unknown}
Potions
 a - a potion of invisibility {unknown}
 e - a potion of brilliance {unknown}
 f - a potion of lignification {unknown}
 g - a potion of mutation {unknown}
 h - a potion of degeneration {unknown}
 i - a potion of berserk rage {unknown}

Dungeon Overview and Level Annotations

Branches:
Dungeon (2/15)

Altars:
Gozag

Annotations:
D:2 Sigmund


Message History

You shoot an arrow. The arrow closely misses the kobold.
You shoot an arrow. The arrow hits the kobold.
You kill the kobold!
Found a stone staircase leading down.
You now have 47 gold pieces (gained 7).
You see here a +0 whip.
Sigmund the Dreaded comes into view.
He is wielding a +0 scythe.
Sigmund shouts!
You shoot an arrow. The arrow hits Sigmund!
Sigmund is moderately wounded.
You shoot an arrow. The arrow closely misses Sigmund.
Sigmund points at you and mumbles some strange words.
The magic dart hits you!
You shoot an arrow. The arrow closely misses Sigmund.
You shoot an arrow. The arrow hits Sigmund.
Sigmund is heavily wounded.
Sigmund gestures wildly while chanting.
Sigmund flickers and vanishes!
Deactivating autopickup; reactivate with Ctrl-A.
You shoot an arrow.
A magic dart appears from out of thin air!
The magic dart hits you.
You shoot an arrow. You shoot an arrow. Something hits you but does no damage.
You shoot an arrow.
You hear some strange, mumbled words.
Something tries to affect you, but you resist.
You shoot an arrow.
A magic dart appears from out of thin air!
The magic dart hits you. Something hits you!
You shoot an arrow. You shoot an arrow. Something hits you but does no damage.
You shoot an arrow.
A magic dart appears from out of thin air!
The magic dart hits you!
You shoot an arrow. Something hits you.
You die...

.# #..## #.#.# #.#
.# #...# #.#.# .#
.# ##.%# .#.#
.#####..####.#.#
.>)..........#>#
######..######.#
#..# ###.######.##
#..####............
#........).@.{...#
#.#####.##########
#.#####.# #.......#
#########


There were no monsters in sight!

Vanquished Creatures
  3 adders (D:2)
  A dart slug (D:1)
  2 endoplasms (D:1)
  2 giant cockroaches
  2 goblins (D:2)
  2 hobgoblins
  7 kobolds
  4 quokkas (D:1)
  A ball python (D:2)
  3 bats
  A frilled lizard (D:1)
  A rat (D:2)
29 creatures vanquished.

Notes
Turn   | Place    | Note
-------+----------+-------------------------------------------
     0 | D:1      | qw the Gargoyle Hunter began the quest for the Orb.
     0 | D:1      | Reached XP level 1. HP: 12/12 MP: 1/1
     0 | D:1      | 0 ||| qw: Version: 0.3-a-76-g4403597
     0 | D:1      | 0 ||| qw: Game counter: 612
     0 | D:1      | 0 ||| qw: Melee chars always use a shield: true
     0 | D:1      | 0 ||| qw: God list: Okawaru
     0 | D:1      | 0 ||| qw: Allow faded altars: false
     0 | D:1      | 0 ||| qw: Do Orc after clearing Dungeon:15 true
     0 | D:1      | 0 ||| qw: Do second Lair branch before Depths: true
     0 | D:1      | 0 ||| qw: Lair rune preference: random
     0 | D:1      | 0 ||| qw: Goals: Normal
     0 | D:1      | 0 ||| PLANNING D:1-11
    79 | D:1      | Reached XP level 2. HP: 17/17 MP: 2/2
   490 | D:1      | 490 ||| READING scroll labelled RIOSAL EC OWAV.
   491 | D:1      | 491 ||| READING scroll labelled VIDOLISTR DYOT.
   492 | D:1      | 492 ||| READING 4 scrolls labelled UBROPLUNED.
   493 | D:1      | 493 ||| DROPPING scroll of butterflies.
   494 | D:1      | 494 ||| DROPPING 3 scrolls of fear.
   527 | D:2      | Found an opulent altar of Gozag.
   583 | D:2      | Reached skill level 5 in Ranged Weapons
   583 | D:2      | Reached XP level 3. HP: 21/21 MP: 3/3
   734 | D:2      | Reached skill level 3 in Fighting
   918 | D:2      | Reached XP level 4. HP: 28/28 MP: 4/4
   966 | D:2      | Noticed Sigmund
   978 | D:2      | HP: 5/28 [something/magic dart (7)]
   979 | D:2      | Slain by Sigmund

Levels and vault maps discovered:
D:1:      heliophobic_arrival_battle_scene, layout_rooms, serial_forest,
          infiniplex_forest_join, infiniplex_forest_clump_tiny,
          infiniplex_forest_end_1, infiniplex_forest_lined_2,
          infiniplex_forest_lined_3, infiniplex_forest_straight_4,
          infiniplex_forest_end_1, infiniplex_forest_lined_room_, nrook_campfire
D:2:      layout_loops_ring, basic_altar, minmay_misc_feat_diagonals,
          uniq_sigmund

Skill      XL: |  1  2  3 |
---------------+----------+-----
Ranged Weapons | 5 |  5.1
Fighting       | 3 |  3.1
Dodging        | |  1.5
Stealth        | |  1.1

Action                     |  1- 3 |  4- 6 || total
---------------------------+-------+-------++-------
   Fire: Shortbow          |   104 |    19 ||   123
    Use: Scroll            |     3 |       ||     3
 Armour: Leather armour    |    50 |     8 ||    58
  Dodge: Dodged            |    58 |       ||    58

Table legend:
 A = Non-vault XP
 B = Vault XP
 C = Vault XP percentage of total XP
 D = Non-vault monster count
 E = Vault monster count
 F = Vault count percentage of total count
                 A         B        C        D         E       F
            +---------+---------+-------+---------+---------+-------
      Total |      88 |       0 |   0.0 |      29 |       0 |   0.0
            +---------+---------+-------+---------+---------+-------
        D:1 |      25 |       0 |   0.0 |      13 |       0 |   0.0
        D:2 |      63 |       0 |   0.0 |      16 |       0 |   0.0
            +---------+---------+-------+---------+---------+-------
